 Dungeon Crawl Stone Soup version 0.31-a0-618-g7ca08c1ff9 (webtiles) character file.

Game seed: 310664481895261293

35 spiderkeys the Insei (level 3, -4/24 HPs)
             Began as an Octopode Shapeshifter on Aug 22, 2023.
             Slain by a hobgoblin (5 damage)
             ... led by Robin
             ... on level 2 of the Dungeon.
             The game lasted 00:01:07 (1150 turns).

spiderkeys the Insei (Octopode Shapeshifter)        Turns: 1150, Time: 00:01:08

Health: -4/24      AC:  1    Str: 14    XL:     3   Next: 35%
Magic:  3/3        EV: 13    Int: 10    God:
Gold:   43         SH:  0    Dex: 14    Spells: 2/2 levels left

rFire   . .          .
                       - Unarmed
rCold   . . .        (no shield)
rNeg    . . .        (helmet currently unavailable)
rPois   .            (no amulet)
rElec   .            (no ring)
rCorr   .            (no ring)
SInv    .            (no ring)
Will    .....        (no ring)
Stlth   ++           (no ring)
HPRegen 0.24/turn    (no ring)
MPRegen 0.08/turn    (no ring)
                     (no ring)

%: no passive effects
@: beast-form
A: beast (slay +1), almost no armour, amphibious, 8 rings, camouflage 1,
gelatinous body 1, (nimble swimmer 1), tentacles
a: Begin Untransformation


You were on level 2 of the Dungeon.
You were a hulking beast.
You visited 1 branch of the dungeon, and saw 2 of its levels.

You collected 43 gold pieces.


Innate Abilities, Weirdness & Mutations

You are a hulking beast.
Your limbs bulge with bestial killing power. (Slay +1)
You cannot wear most types of armour.
You are amphibious.
You can wear up to eight rings at the same time.
Your skin changes colour to match your surroundings (Stealth+).
Your rubbery body absorbs attacks. (AC +1, EV +1)
((You are camouflaged when in or above water. (Stealth+)))
You have tentacles for arms and can constrict up to eight enemies at once.


   Skills:
 + Level 1.7 Fighting
 + Level 2.5 Dodging
 + Level 3.3 Unarmed Combat
 + Level 3.2 Shapeshifting


You had 2 spell levels left.
You didn't know any spells.
Your spell library contained the following spells:

 Spells                   Type           Power      Damage    Failure   Level
 Apportation              Tloc           0%         N/A       36%         1
 Alistair's Intoxication  Tmut/Pois      0%         N/A       100%        5

Inventory:

Missiles
 e - 10 stones
Talismans
 b - a beast talisman (active)
 c - a flux talisman
Scrolls
 d - 2 scrolls of identify {unknown}
 f - a scroll of blinking {unknown}
 g - a scroll of revelation {unknown}
Potions
 a - a potion of lignification {!q}

Dungeon Overview and Level Annotations

Branches:
Dungeon (2/15) Zot: 10851

Altars:

Annotations:
D:2 Robin

#.###.# #...# #.# #.# #<..#
###########.###.# #...#
#...............######...#####
#.....##.....g#..............#
#........#.##.gg..g..........#
#.....##......#gg............#
#.....##.#....#g######...####
#####......##.#h# #...# ##
####.#....g.# #.g># .#
#####......### #...#
.####.......#### #gg.#
#.)##.####### #gg.# ##.......#
.g... #..##.##.# ##.#.#
......##.# .#.#####.#


You could see Robin, 3 hobgoblins and 2 goblins.


Message History

No target in view!
Partly explored, can't reach some places.
There is a stone staircase leading down here.
You climb downwards.
There is a stone staircase leading up here.
Key pressed, stopping explore.
You see here a +0 flail.
There is a stone staircase leading up here.
Found a stone staircase leading down and a stone staircase leading up.
Robin and 7 goblins come into view.
Robin is wielding a +0 falchion and wearing a +0 helmet of see invisible.
A goblin is wielding a +1 dagger of speed.
There is a stone staircase leading up here.
You start waiting.
A goblin is nearby!
The goblin hits you with a +0 dagger. 😕 HP[-2]
You take 2 damage, and now have 21/23 hp.
You tentacle-slap the goblin. You grab the goblin. You constrict the goblin.
You kill the goblin!
No target in view!
No target in view!
No target in view!
There is a stone staircase leading up here.
Things that are here:
a +0 dagger; a goblin corpse 😎 HP[+2]
Your hp is fully restored (23).
The goblin shouts!
You hear a shout!
The goblin shouts!
You hear a shout!
A hobgoblin comes into view.
A hobgoblin comes into view.
The hobgoblin shouts!
The goblin shouts!
Robin roars a battlecry!
The goblins go into a battle-frenzy!
The goblin hits you with a +0 club!
The hobgoblin shouts! 😮 HP[-7]
You take 7 damage, and now have 16/23 hp.
MASSIVE DAMAGE!! (PAUSE)
The goblin shouts! 😮 HP[+1]
The goblin attacks as it pursues you! The goblin completely misses you.
The goblin attacks as it pursues you! The goblin hits you but does no damage.
There is a stone staircase leading up here.
Things that are here:
a +0 dagger; a goblin corpse You completely miss the goblin.
You grab the goblin. You squeeze the goblin.
You kill the goblin!
Robin roars a battlecry!
The goblin unwields a +1 dagger of speed.
The goblin wields a +0 sling.
The goblin shoots a sling bullet.
The sling bullet hits you. 😮 HP[-2]
You now have 24 max hp (+1).
You take 2 damage, and now have 15/24 hp. 😮 HP[+1]
You bludgeon the goblin!
You kill the goblin!
You closely miss the goblin. You grab the goblin. You squeeze the goblin.
You kill the goblin!
The goblin shoots a sling bullet.
The sling bullet closely misses you.
You hear a shout!
A hobgoblin comes into view.
You tentacle-slap the goblin. Your grab misses the goblin.
Your squeeze misses the goblin.
The goblin no longer looks unusually strong.
A goblin comes into view. It is wielding a +0 club.
The goblin hits you with a +0 club.
You tentacle-slap the goblin.
You kill the goblin!
Robin throws the goblin at you!
The goblin unwields a +0 sling.
The goblin wields a +1 dagger of speed.
The goblin hits you with a +1 dagger of speed.
* * * LOW HITPOINT WARNING * * *
😨 HP[-4]
You take 4 damage, and now have 12/24 hp.
The hobgoblin no longer looks unusually strong.
The goblin no longer looks unusually strong. x2
Robin throws the goblin at you!
* * * LOW HITPOINT WARNING * * *
The hobgoblin hits you.
* * * LOW HITPOINT WARNING * * *
😱 HP[-7]
You take 7 damage, and now have 5/24 hp.
MASSIVE DAMAGE!! (PAUSE) Robin roars a battlecry!
The goblins go into a battle-frenzy!
The hobgoblin closely misses you. Robin throws the goblin at you!
* * * LOW HITPOINT WARNING * * *
The hobgoblin attacks as it pursues you!
The hobgoblin hits you.
* * * LOW HITPOINT WARNING * * *
😱 HP[-4]
You take 4 damage, and now have 1/24 hp.
Unknown command.
You tentacle-slap the goblin but do no damage.
Your grab misses the goblin.
The hobgoblin no longer looks unusually strong.
The goblin barely misses you. The hobgoblin hits you.
You die...

Action                     || total
---------------------------++-------
  Melee: Unarmed           ||    38
         Constrict         ||    10
         Tentacles         ||     7
   Stab: Sleeping          ||     5
 Armour: Skin              ||     4
  Dodge: Dodged            ||    11

Levels and vault maps discovered:
D:1:      psy_arrival_radial02, layout_basic, basic_ecumenical_altar
D:2:      layout_loops_cross, kennysheep_minor_cross, uniq_robin

Notes
Turn   | Place    | Note
-------+----------+-------------------------------------------
     0 | D:1      | spiderkeys the Octopode Shapeshifter began the quest for
                  | the Orb.
     0 | D:1      | Reached XP level 1. HP: 13/13 MP: 1/1
     0 | D:1      | magus.rc [v1.11.6]
   353 | D:1      | You add the spells Apportation and Alistair's Intoxication
                  | to your library.
   496 | D:1      | Reached XP level 2. HP: 15/18 MP: 2/2
   640 | D:1      | Reached XP level 3. HP: 23/23 MP: 3/3
   706 | D:1      | Found a faded altar of an unknown god.
  1103 | D:2      | Noticed Robin
  1147 | D:2      | HP: 5/24 [hobgoblin[Robin] (6)]
  1149 | D:2      | HP: 1/24 [hobgoblin[Robin] (2)]
  1150 | D:2      | Slain by a hobgoblin

Vanquished Creatures
  A gnoll (D:1)
  A dart slug (D:1)
  An endoplasm (D:1)
  A giant cockroach (D:1)
  3 hobgoblins (D:1)
  2 kobolds (D:1)
  2 quokkas (D:1)
  A bat (D:1)
  A frilled lizard (D:1)
  7 goblins
  A rat (D:1)
21 creatures vanquished.

Table legend:
 A = Non-vault XP
 B = Vault XP
 C = Vault XP percentage of total XP
 D = Non-vault monster count
 E = Vault monster count
 F = Vault count percentage of total count
                 A         B        C        D         E       F
            +---------+---------+-------+---------+---------+-------
      Total |      42 |       9 |  17.6 |      16 |       5 |  23.8
            +---------+---------+-------+---------+---------+-------
        D:1 |      42 |       0 |   0.0 |      16 |       0 |   0.0
        D:2 |       0 |       9 | 100.0 |       0 |       5 | 100.0
            +---------+---------+-------+---------+---------+-------

Action                     || total
---------------------------++-------
  Melee: Unarmed           ||    38
         Constrict         ||    10
         Tentacles         ||     7
   Stab: Sleeping          ||     5
 Armour: Skin              ||     4
  Dodge: Dodged            ||    11

Illustrated notes

Table legend:
 A = Kills in this place as a percentage of kills in the entire game.
 B = Kills by you in this place as a percentage of kills by you in the entire game.
 C = Kills by friends in this place as a percentage of kills by friends in the entire game.
 D = Other kills in this place as a percentage of other kills in the entire game.
 E = Experience gained in this place as a percentage of experience gained in the entire game.
 F = Experience gained in this place divided by the number of levels of this place that you have seen.
                   A       B       C       D       E      F
               +-------+-------+-------+-------+-------+----------------------
         Total | 100.0 | 100.0 |   N/A |   N/A | 100.0 |  25.5
       Dungeon | 100.0 | 100.0 |   N/A |   N/A | 100.0 |  25.5
               +-------+-------+-------+-------+-------+----------------------

Table legend: (Time is in decaauts)
 A = Elapsed time spent in this place.
 B = Non-inter-level travel time spent in this place.
 C = Inter-level travel time spent in this place.
 D = Time resting spent in this place.
 E = Time spent auto-exploring this place.
 F = Levels seen in this place.
 G = Mean time per level.
                   A        B        C        D        E       F      G
               +--------+--------+--------+--------+--------+-----+--------+
         Total |   1147 |   1125 |     22 |    103 |    893 |   2 |  573.5 |
       Dungeon |   1147 |   1125 |     22 |    103 |    893 |   2 |  573.5 |
               +--------+--------+--------+--------+--------+-----+--------+

Top non-repeatable levels by time:
     D:1: 980 daAuts
     D:2: 166 daAuts
